[Event "Team 45 45 League T72"]
[Site "Internet Chess Club"]
[Date "2017.04.13"]
[Round "5"]
[White "QuieroAprender"]
[Black "rubo"]
[Result "1-0"]
[WhiteElo "1581"]
[BlackElo "1625"]
[Opening "Ruy Lopez: Schliemann defense"]
[ECO "C63"]
[Time "21:16:54"]
[TimeControl "2700+45"]

1. e4 e5 2. Nf3 Nc6 3. Bb5 f5 4. exf5 e4 5. Bxc6 dxc6 6. Ne5 Bxf5 7. O-O Bc5 8.
Qh5+ g6 9. Nxg6 Bxg6 10. Qe5+ Qe7 11. Qxh8 O-O-O 12. Qc3 Nf6 13. h3 Nh5 14. Na3
Nf4 15. Kh1 Bb4 16. Qe3 Nd5 17. Qg3 Bd6 18. Qg4+ Kb8 19. Nc4 Bc5 20. d3 Nf6 21.
Bg5 exd3 22. cxd3 Bxd3 23. Rfe1 Qf7 24. Ne5 Nxg4 25. Nxf7 Nxf2+ 26. Kh2 Rf8 27.
Be7 Rxf7 28. Bxc5 b6 29. Bxf2 Rxf2 30. b3 c5 31. Re3 Bb5 32. Re7 Bc6 33. Rg7 b5
34. a4 bxa4 35. bxa4 Rb2 36. a5 a6 37. Rg5 c4 38. Rc1 Bb5 39. Rc5 Kb7 40. h4 h6
41. h5 Bc6 42. R1xc4 Rxg2+ 43. Kh3 Bf3 44. Rxc7+ Kb8 45. Rc8+ {Black resigns}
1-0

[Event "Team 45 45 League T72"]
[Site "Internet Chess Club"]
[Date "2017.04.14"]
[Round "5"]
[White "nosir"]
[Black "pcvan"]
[Result "0-1"]
[WhiteElo "1450"]
[BlackElo "1411"]
[Opening "Torre attack (Tartakower variation)"]
[ECO "D03"]
[Time "11:02:28"]
[TimeControl "2700+45"]

1. d4 d5 2. Nf3 Nf6 3. Bg5 e6 4. c3 Be7 5. e3 O-O 6. Bd3 Nbd7 7. Nbd2 Re8 8. h3
b6 9. O-O c5 10. dxc5 Nxc5 11. Bb5 Bd7 12. Bxd7 Nfxd7 13. Bf4 Nd3 14. Qc2 Nxf4
15. exf4 Qc7 16. Ng5 Nf8 17. g3 Rac8 18. Ngf3 Ng6 19. Nd4 a6 20. N2f3 h6 21. Qe2
b5 22. Ne5 Nxe5 23. fxe5 Bc5 24. Rac1 Qb6 25. Qg4 b4 26. Nb3 bxc3 27. Nxc5 Rxc5
28. bxc3 Qa5 29. Qb4 Rec8 30. Qxa5 Rxa5 31. Rc2 d4 32. f4 Rxc3 33. Rfc1 Rac5 34.
Rxc3 Rxc3 35. Rd1 Rxg3+ 36. Kh2 Ra3 37. Rxd4 Rxa2+ 38. Kg3 g6 39. h4 a5 40. Rd8+
Kg7 41. Ra8 a4 42. Kf3 a3 43. Kg3 Ra1 44. Kf2 a2 45. Kg2 g5 46. fxg5 hxg5 47.
hxg5 Kg6 48. Kf2 Kxg5 49. Ke2 Kf5 50. Ra5 Ke4 51. Kd2 Rh1 52. Kc2 a1=Q {White
resigns} 0-1

[Event "Team 45 45 League T72"]
[Site "Internet Chess Club"]
[Date "2017.04.15"]
[Round "5"]
[White "drsigmund1"]
[Black "g8wrb"]
[Result "1-0"]
[WhiteElo "1417"]
[BlackElo "1232"]
[Opening "Queen's pawn: London system"]
[ECO "A45"]
[Time "12:04:49"]
[TimeControl "2700+45"]

1. d4 Nf6 2. Bf4 d5 3. e3 Bg4 4. Nf3 e6 5. Be2 Bb4+ 6. c3 Be7 7. Nbd2 O-O 8. h3
Bh5 9. O-O c5 10. Ne5 Bxe2 11. Qxe2 Nc6 12. Ndf3 Rc8 13. Qb5 cxd4 14. exd4 Qc7
15. Ng6 Qd7 16. Nxf8 Bxf8 17. Qd3 Bd6 18. Bg5 Ne4 19. Be3 Qe7 20. a4 a5 21. Ne1
Qh4 22. Nf3 Qf6 23. Nd2 Ng5 24. Qe2 Qf5 25. Bxg5 Qxg5 26. Nf3 Qf4 27. Qe3 Ne7
28. Qe2 Rc4 29. g3 Qf5 30. Kg2 Ng6 31. g4 Qf4 32. Qe3 Nh4+ 33. Nxh4 Qh2+ 34. Kf3
Qxh3+ 35. Ke2 Qxh4 36. Qf3 Qg5 37. Rh1 Qf4 38. Qh3 Qe4+ 39. Qe3 Qxg4+ 40. Qf3
Qf4 41. Rag1 Qxf3+ 42. Kxf3 Rc7 43. Rh5 g6 44. Rhh1 Rc6 45. Rb1 Rb6 46. b4 axb4
47. cxb4 Rxb4 48. Rxb4 Bxb4 49. Rb1 Bc3 50. Ke3 h5 51. Rxb7 h4 52. Rb3 Ba5 53.
Rb5 g5 54. Rxa5 g4 55. Rb5 h3 56. Rb1 Kf8 57. a5 Ke8 58. a6 h2 59. a7 {Black
resigns} 1-0

[Event "Team 45 45 League T72"]
[Site "Internet Chess Club"]
[Date "2017.04.15"]
[Round "5"]
[White "SeniorCitizen"]
[Black "oldbookseller"]
[Result "1-0"]
[WhiteElo "1301"]
[BlackElo "960"]
[Opening "King's pawn game"]
[ECO "C21"]
[Time "14:00:28"]
[TimeControl "2700+45"]

1. e4 e5 2. d4 g6 3. d5 Bc5 4. Nf3 d6 5. Be2 Ne7 6. O-O O-O 7. Qd3 Nd7 8. Nc3
Nf6 9. Be3 Ng4 10. Bxc5 dxc5 11. h3 a6 12. hxg4 Bxg4 13. Nxe5 Bd7 14. Qg3 Nf5
15. exf5 Bxf5 16. Bd3 Bc8 17. Rfe1 Qd6 18. Re3 b5 19. Ng4 Bxg4 20. Qxg4 Qf6 21.
Rb1 c4 22. Be4 Rae8 23. Rd1 Re7 24. Qg3 Rfe8 25. Qf3 Qe5 26. Qg3 Qh5 27. Bf3 Qh6
28. Rde1 Rxe3 29. Rxe3 Rxe3 30. fxe3 Qxe3+ 31. Kh2 Qc1 32. d6 cxd6 33. Qxd6 Qxc2
34. Qxa6 Qxb2 35. Nxb5 c3 36. Nxc3 Qxc3 37. Qa8+ Kg7 38. Qd5 Qf6 39. Qe4 Qa1 40.
a4 f5 41. Qf4 Qf6 42. a5 g5 43. Qc7+ Kh6 44. Qb6 Kg6 45. Qxf6+ Kxf6 46. a6 g4
47. a7 g3+ 48. Kxg3 f4+ 49. Kxf4 {Black resigns} 1-0

[Event "Team 45 45 League T72"]
[Site "Internet Chess Club"]
[Date "2017.04.15"]
[Round "5"]
[White "olivermx"]
[Black "guyd52"]
[Result "0-1"]
[WhiteElo "1277"]
[BlackElo "1324"]
[Opening "Pirc: classical (two knights) system"]
[ECO "B08"]
[Time "08:00:51"]
[TimeControl "2700+45"]

1. e4 g6 2. d4 d6 3. Nf3 Nf6 4. Nc3 Bg7 5. Bf4 O-O 6. Be2 Nbd7 7. O-O Re8 8. Qd2
c6 9. Bc4 b5 10. Bd3 e5 11. Bg5 exd4 12. Nxd4 Qb6 13. Be3 Nc5 14. Nf3 Qa5 15. a3
Ncxe4 16. Bxe4 Nxe4 17. Nxe4 Qxd2 18. Nfxd2 Bxb2 19. Ra2 Be5 20. a4 Be6 21. Nb3
Bc4 22. Rd1 Bd5 23. Ng3 a6 24. axb5 axb5 25. Rxa8 Rxa8 26. Nd4 b4 27. Nb5 Ra2
28. Nd4 f5 29. f4 Bxd4 30. Bxd4 Rxc2 31. Bf2 b3 32. h3 b2 33. Rb1 Ba2 {White
resigns} 0-1

[Event "Team 45 45 League T72"]
[Site "Internet Chess Club"]
[Date "2017.04.12"]
[Round "5"]
[White "SeniorCitizen"]
[Black "PsyMar"]
[Result "1-0"]
[WhiteElo "1312"]
[BlackElo "1233"]
[Opening "Scotch: Göring gambit"]
[ECO "C21"]
[Time "14:00:46"]
[TimeControl "2700+45"]

1. e4 e5 2. d4 exd4 3. c3 Nc6 4. Nf3 d5 5. e5 Bg4 6. cxd4 Bb4+ 7. Nc3 Nge7 8.
Be2 O-O 9. O-O Nf5 10. Be3 Nxe3 11. fxe3 f6 12. Ne1 Bxe2 13. Qxe2 fxe5 14. Rxf8+
Bxf8 15. Nf3 Bd6 16. Rd1 e4 17. Nd2 Nb4 18. Qb5 Nd3 19. Qxd5+ Kh8 20. Qxe4 Nxb2
21. Rb1 Ba3 22. Nb5 Qf8 23. Qxb7 Nd3 24. Nxa3 Qf2+ 25. Kh1 Rg8 26. Nac4 h5 27.
Qf3 Qh4 {Black resigns} 1-0

[Event "Team 45 45 League T72"]
[Site "Internet Chess Club"]
[Date "2017.04.18"]
[Round "5"]
[White "chips"]
[Black "oldbookseller"]
[Result "1-0"]
[WhiteElo "1192"]
[BlackElo "941"]
[Opening "King's pawn game"]
[ECO "C44"]
[Time "08:04:20"]
[TimeControl "2700+45"]

1. e4 e5 2. Nf3 Nc6 3. d3 Nf6 4. g3 Bd6 5. Bg2 O-O 6. O-O Bc5 7. Nbd2 d6 8. b3
Ng4 9. Bb2 Bxf2+ 10. Rxf2 Nxf2 11. Kxf2 Qf6 12. Kg1 Be6 13. a3 Rae8 14. Qf1 d5
15. c4 dxe4 16. Nxe4 Qf5 17. Nc5 e4 18. Nxe4 Bd7 19. Nh4 Qg4 20. a4 Nb4 21. Ba3
Nc2 22. Bxf8 Rxf8 23. Rc1 Ne3 24. Qf3 Nxg2 25. Qxg4 Bxg4 26. Nxg2 Bf3 27. Nd2
Be2 28. d4 Re8 29. Re1 f6 30. Nf4 g5 31. Rxe2 Rf8 32. Nd5 Rf7 33. Re6 Kg7 34.
Re7 f5 35. Rxc7 f4 36. Rxf7+ Kxf7 37. gxf4 gxf4 38. Nxf4 {Black resigns} 1-0

[Event "Team 45 45 League T72"]
[Site "Internet Chess Club"]
[Date "2017.04.16"]
[Round "5"]
[White "mongmong"]
[Black "rhayder"]
[Result "1-0"]
[WhiteElo "1509"]
[BlackElo "1151"]
[Opening "King's Indian, 3.Nf3"]
[ECO "E61"]
[Time "18:09:35"]
[TimeControl "2700+45"]

1. d4 Nf6 2. Nf3 g6 3. c4 Bg7 4. Nc3 O-O 5. Bg5 d6 6. e3 c5 7. Be2 Nc6 8. d5 Na5
9. h3 b6 10. Qc2 Ba6 11. Nd2 Rb8 12. a3 Qe8 13. b4 Nxc4 14. Nxc4 Nxd5 15. Nxd5
Bxa1 16. Bxe7 Bxc4 17. Qxc4 cxb4 18. Qxb4 Rc8 19. O-O Bg7 20. Bxf8 Kxf8 21. Bf3
Be5 22. Qb3 Qc6 23. Nf6 Qc1 24. Nd7+ Ke7 25. Nxe5 Rc3 26. Qxf7+ {Black resigns}
1-0

[Event "Team 45 45 League T72"]
[Site "Internet Chess Club"]
[Date "2017.04.16"]
[Round "5"]
[White "carey69"]
[Black "tasawyer81"]
[Result "1-0"]
[WhiteElo "1047"]
[BlackElo "1157"]
[Opening "Caro-Kann defense"]
[ECO "B10"]
[Time "20:07:24"]
[TimeControl "2700+45"]

1. e4 c6 2. Nf3 d5 3. d3 dxe4 4. dxe4 Nd7 5. Bd3 e5 6. Nc3 Ngf6 7. Bg5 h6 8.
Bxf6 Nxf6 9. Nxe5 Bd6 10. Nc4 O-O 11. e5 Re8 12. O-O Bg4 13. Qd2 Bxe5 14. Nxe5
Rxe5 15. h3 Bf5 16. Qd1 Qc7 17. Bxf5 Rxf5 18. Qd3 Qf4 19. g3 Rg5 20. Rfe1 Qh4
21. Re7 Qxh3 22. Qf3 Rf5 23. Qg2 Qxg2+ 24. Kxg2 Ng4 25. f3 Ne3+ 26. Rxe3 {Black
resigns} 1-0

[Event "Team 45 45 League T72"]
[Site "Internet Chess Club"]
[Date "2017.04.14"]
[Round "5"]
[White "Toalla"]
[Black "Rbug"]
[Result "1-0"]
[WhiteElo "1135"]
[BlackElo "1038"]
[Opening "Sicilian: Nimzovich-Rossolimo attack (without ...d6)"]
[ECO "B30"]
[Time "18:04:34"]
[TimeControl "2700+45"]

1. e4 c5 2. Nf3 Nc6 3. Bb5 Nf6 4. Bxc6 bxc6 5. d3 d5 6. e5 Ng8 7. O-O Bg4 8. h3
Bh5 9. Nbd2 e6 10. Re1 Ne7 11. Nf1 Bxf3 12. Qxf3 Ng6 13. Nh2 Be7 14. c3 O-O 15.
a3 Re8 16. d4 c4 17. Rb1 Rb8 18. b4 cxb3 19. Re2 Qa5 20. Ra1 Qa4 21. Bb2 Qc4 22.
Ng4 a5 23. Ne3 Qa6 24. a4 Nh4 25. Qg4 Bf8 26. Rae1 Ng6 27. f4 Qc8 28. h4 Be7 29.
h5 Nh4 30. g3 Nf5 31. Kg2 Rb7 32. Qh3 h6 33. Ng4 Rf8 34. Nh2 Re8 35. Nf3 Rf8 36.
g4 {Black resigns} 1-0

[Event "Team 45 45 League T72"]
[Site "Internet Chess Club"]
[Date "2017.04.18"]
[Round "5"]
[White "WzeroMN"]
[Black "vedv"]
[Result "0-1"]
[WhiteElo "1175"]
[BlackElo "1007"]
[Opening "Ruy Lopez: Berlin defense, Beverwijk variation"]
[ECO "C64"]
[Time "17:01:48"]
[TimeControl "2700+45"]

1. e4 e5 2. Nf3 Nc6 3. Bb5 Bc5 4. O-O Nf6 5. Re1 Ng4 6. Re2 d6 7. h3 Nf6 8. c3
Bd7 9. d4 exd4 10. Bxc6 Bxc6 11. cxd4 Bb4 12. a3 Ba5 13. d5 Bb5 14. Re3 Qe7 15.
Nc3 O-O-O 16. Nxb5 Bb6 17. Re2 Rhe8 18. Bg5 Qd7 19. Nc3 h6 20. Bxf6 gxf6 21. a4
Rg8 22. a5 Qxh3 23. g3 Rxg3# {White checkmated} 0-1

[Event "Team 45 45 League T72"]
[Site "Internet Chess Club"]
[Date "2017.04.14"]
[Round "5"]
[White "drsigmund1"]
[Black "Electryon"]
[Result "0-1"]
[WhiteElo "1408"]
[BlackElo "1471"]
[Opening "Queen's bishop game"]
[ECO "D00"]
[Time "21:07:05"]
[TimeControl "2700+45"]

1. d4 d5 2. Bf4 Nf6 3. Nf3 c5 4. c3 Qb6 5. Qb3 c4 6. Qc2 g6 7. Nbd2 Bf5 8. Qc1
Bg7 9. e3 O-O 10. Be2 Nbd7 11. O-O Nh5 12. Bg5 Nhf6 13. Ne5 e6 14. Nxd7 Nxd7 15.
g4 Bd3 16. Bxd3 cxd3 17. f4 f6 18. Bh4 e5 19. fxe5 fxe5 20. Nf3 e4 21. Ng5 Rxf1+
22. Qxf1 Rf8 23. Qg2 Bf6 24. Qg3 Qxb2 25. Rf1 Bxg5 26. Rxf8+ Nxf8 27. Bxg5 d2
28. Kg2 d1=Q+ 29. Kh3 Qf3 30. Qxf3 {White resigns} 0-1

[Event "Team 45 45 League T72"]
[Site "Internet Chess Club"]
[Date "2017.04.13"]
[Round "5"]
[White "Aquaman"]
[Black "dabodhi"]
[Result "0-1"]
[WhiteElo "1354"]
[BlackElo "1285"]
[Opening "English opening"]
[ECO "A20"]
[Time "15:32:24"]
[TimeControl "2700+45"]

1. c4 e5 2. g3 Nf6 3. Bg2 Nc6 4. Nc3 Bb4 5. e3 O-O 6. a3 Bxc3 7. bxc3 Re8 8. Nf3
e4 9. Nd4 Ne5 10. Bf1 d6 11. Qb3 c5 12. Nc2 Nd3+ 13. Bxd3 exd3 14. O-O dxc2 15.
Qxc2 Bh3 16. Re1 Qd7 17. d4 Qg4 18. f4 Ne4 19. Bb2 Nxg3 20. hxg3 Qxg3+ 21. Kh1
Qf3+ 22. Kg1 Re6 23. Kh2 Rae8 24. Qe2 Qxe2+ 25. Rxe2 Rh6 26. Kg3 Ree6 27. Rg1
Reg6+ 28. Kf2 Bg4 29. Ree1 Rh2+ 30. Rg2 Rxg2+ 31. Kxg2 Be6+ 32. Kf2 Bxc4 33. e4
cxd4 34. cxd4 d5 35. e5 Rh6 36. Bc1 f5 37. e6 Kf8 38. e7+ Ke8 39. a4 Bd3 40. a5
Be4 41. Ba3 Rh4 42. Kg3 Rg4+ 43. Kf2 Rxf4+ 44. Ke2 Rf3 45. Bc5 a6 46. Rc1 Rb3
47. Kd2 g5 48. Bd6 Rb2+ 49. Ke1 Rb1 50. Rxb1 Bxb1 51. Kf2 Be4 52. Bc5 h5 53. Bd6
h4 54. Kg1 f4 55. Kf2 f3 56. Bf4 gxf4 {White resigns} 0-1

[Event "Team 45 45 League T72"]
[Site "Internet Chess Club"]
[Date "2017.04.16"]
[Round "5"]
[White "Just-Jim"]
[Black "GiantsFan"]
[Result "1-0"]
[WhiteElo "1299"]
[BlackElo "1149"]
[Opening "KP: Indian opening"]
[ECO "C20"]
[Time "16:00:29"]
[TimeControl "2700+45"]

1. e4 e5 2. d3 Nf6 3. c4 d6 4. Nc3 Nc6 5. f4 Bg4 6. Be2 Bxe2 7. Ngxe2 Qd7 8. O-O
Be7 9. fxe5 dxe5 10. Ng3 O-O-O 11. Nf5 g6 12. Nxe7+ Nxe7 13. Rxf6 Qd4+ 14. Kh1
Qxe4 15. Nxe4 Rhf8 16. Bh6 Ng8 17. Bxf8 Nxf6 18. Nxf6 Rxf8 19. Nxh7 Rh8 20. Nf6
c6 21. Qg4+ Kc7 22. Qd7+ Kb8 23. Qxf7 a6 24. Nd7+ Kc8 25. Nc5 Rd8 26. Qxb7#
{Black checkmated} 1-0

[Event "Team 45 45 League T72"]
[Site "Internet Chess Club"]
[Date "2017.04.14"]
[Round "5"]
[White "RobertBuice"]
[Black "Xbug"]
[Result "0-1"]
[WhiteElo "1056"]
[BlackElo "1133"]
[Opening "King's Indian, 3.Nf3"]
[ECO "E61"]
[Time "16:42:29"]
[TimeControl "2700+45"]

1. d4 Nf6 2. Nf3 g6 3. c4 Bg7 4. Nc3 O-O 5. Bf4 d6 6. e3 Bg4 7. Be2 Bxf3 8. Bxf3
Nbd7 9. Bxb7 Rb8 10. Bc6 Rb4 11. b3 Rb6 12. Bxd7 Qxd7 13. O-O Rfb8 14. c5 R6b7
15. Rb1 a5 16. a4 Nh5 17. Re1 Nxf4 18. exf4 dxc5 19. Nb5 cxd4 20. Qe2 e6 21. Qd3
c6 22. Na3 Qd6 23. Nc2 Qxf4 24. Qa6 Qc7 25. b4 axb4 26. Rxb4 Rxb4 27. Nxb4 Rxb4
28. Qa8+ Rb8 29. Qa6 Qb6 30. Qd3 Qa5 31. Rb1 Rxb1+ 32. Qxb1 Qxa4 33. h3 c5 34.
Qb8+ Bf8 35. Qc8 c4 36. Kf1 d3 37. Ke1 Qc2 38. Qd8 c3 39. Qxd3 Qxd3 40. f4 c2
41. Kf2 Bc5+ 42. Ke1 c1=R# {White checkmated} 0-1

[Event "Team 45 45 League T72"]
[Site "Internet Chess Club"]
[Date "2017.04.15"]
[Round "5"]
[White "ChessHouston"]
[Black "santiagoelawad"]
[Result "1-0"]
[WhiteElo "1803"]
[BlackElo "1967"]
[Opening "Caro-Kann: advance variation"]
[ECO "B12"]
[Time "10:28:05"]
[TimeControl "2700+45"]

1. e4 c6 2. d4 d5 3. e5 c5 4. c3 Nc6 5. Nf3 Bg4 6. Qa4 e6 7. Be3 Ne7 8. dxc5
Bxf3 9. gxf3 Nf5 10. Bd4 Qd7 11. Bb5 g6 12. f4 Bh6 13. Be3 a6 14. Nd2 O-O 15.
Bd3 Nxe3 16. fxe3 Nxe5 17. Qxd7 Nxd7 18. b4 Bg7 19. Rc1 Rfc8 20. Nb3 b6 21. cxb6
Nxb6 22. Nd4 Nc4 23. Kf2 a5 24. b5 a4 25. Nc6 Rc7 26. Bxc4 dxc4 27. Rhd1 Rb7 28.
Rb1 Bxc3 29. Rdc1 Bf6 30. Rxc4 a3 31. Rb3 Bb2 32. b6 Ra6 33. Rcb4 Bf6 34. e4 Kf8
35. Rb5 Ke8 36. Ke2 Bd8 37. Nxd8 Kxd8 38. Kd3 Kd7 39. Kc4 Kc6 40. Rc5+ Kd7 41.
Rcb5 Kc6 42. e5 Ra4+ 43. R3b4 Ra6 44. h3 h6 45. h4 h5 46. Rb3 Ra4+ 47. R5b4 Ra6
48. Rd3 Re7 49. Rd6+ Kb7 50. Kb5 Ra8 51. Rbd4 Rae8 52. Ra4 Ra8 53. Rxa8 Kxa8 54.
Ka6 Re8 55. b7+ Kb8 56. Kb6 Rf8 57. Rd3 f6 58. Rxa3 fxe5 59. Ra8# {Black
checkmated} 1-0

[Event "Team 45 45 League T72"]
[Site "Internet Chess Club"]
[Date "2017.04.14"]
[Round "5"]
[White "primerpaso"]
[Black "IshanR"]
[Result "0-1"]
[WhiteElo "1810"]
[BlackElo "1937"]
[Opening "QGD: Tarrasch defense"]
[ECO "D32"]
[Time "20:02:52"]
[TimeControl "2700+45"]

1. c4 e6 2. Nc3 d5 3. cxd5 exd5 4. d4 c5 5. Nf3 Nc6 6. e3 Nf6 7. Be2 a6 8. dxc5
Bxc5 9. O-O O-O 10. Nd4 Ne5 11. b3 Qd6 12. Bb2 Nfg4 13. h3 Nf6 14. Nf3 Nc6 15.
Qd2 Bf5 16. Rac1 Ba7 17. Bd3 Bxd3 18. Qxd3 Rad8 19. Ne2 Ne4 20. Ned4 Ne7 21. Qe2
Bb8 22. Rfd1 Rfe8 23. Bc3 h5 24. g3 Qg6 25. Be1 Nf5 26. Nxf5 Qxf5 27. Kg2 Rd6
28. Nh4 Qh7 29. f3 g5 30. fxe4 gxh4 31. Rd4 Ba7 32. Ra4 b5 33. Ra3 Qxe4+ 34. Qf3
Qxf3+ 35. Kxf3 Rxe3+ 36. Kf4 hxg3 37. Rc8+ Kg7 38. Bc3+ d4 39. Bb4 Rf6+ 40. Kg5
g2 41. Bf8+ Kh7 {White resigns} 0-1

[Event "Team 45 45 League T72"]
[Site "Internet Chess Club"]
[Date "2017.04.15"]
[Round "5"]
[White "bayoumicardio10"]
[Black "kabindra"]
[Result "0-1"]
[WhiteElo "1510"]
[BlackElo "1723"]
[Opening "Scotch gambit"]
[ECO "C44"]
[Time "15:01:01"]
[TimeControl "2700+45"]

1. e4 e5 2. Nf3 Nc6 3. d4 exd4 4. Bc4 Bb4+ 5. c3 dxc3 6. bxc3 Ba5 7. O-O d6 8.
Qb3 Qf6 9. Bg5 Qg6 10. Nbd2 Nf6 11. e5 Ng4 12. exd6 O-O 13. Be7 Nxe7 14. dxe7
Re8 15. Rae1 Bb6 16. h3 Nxf2 17. Rxf2 Bxh3 18. Bxf7+ Qxf7 19. Qxf7+ Kxf7 20.
gxh3 Bxf2+ 21. Kxf2 Rxe7 22. Ng5+ Ke8 23. Nxh7 Rxe1 24. Kxe1 Kf7 25. Ng5+ Kg6
26. h4 Kf5 27. Ke2 Kg4 28. Ndf3 Re8+ 29. Kd3 g6 30. Kd2 c6 31. a4 Rd8+ 32. Ke3
Rd1 33. Ne4 Ra1 34. Ne5+ Kf5 35. Nd3 Rxa4 36. Nd6+ Kf6 37. Ne4+ Kf5 38. Nd6+ Kg4
39. Ne5+ Kh5 40. c4 Rb4 41. Ndf7 a5 42. Kd4 a4 43. Nd3 Rb1 44. Kc3 a3 {White
resigns} 0-1

[Event "Team 45 45 League T72"]
[Site "Internet Chess Club"]
[Date "2017.04.16"]
[Round "5"]
[White "Portola"]
[Black "Megasus"]
[Result "1-0"]
[WhiteElo "1776"]
[BlackElo "1492"]
[Opening "Queen's pawn game, Darooha variation "]
[ECO "D02"]
[Time "19:01:26"]
[TimeControl "2700+45"]

1. d4 Nf6 2. Nf3 d5 3. c3 h6 4. Bf4 Bf5 5. e3 Bg4 6. Nbd2 Nbd7 7. Qc2 e6 8. Bd3
Bh5 9. h3 c5 10. Qb1 c4 11. Bc2 Qa5 12. g4 Nxg4 13. hxg4 Bxg4 14. Ne5 Nxe5 15.
Bxe5 Qb6 16. f3 Bf5 17. e4 Bg6 18. Ba4+ Kd8 19. Bg3 f6 20. Bf2 Bd6 21. Bc2 Qc7
22. Nf1 Rf8 23. Ne3 Bg3 24. Ke2 Bxf2 25. Kxf2 Qf4 26. Ng2 Qd2+ 27. Kg1 Kc7 28.
Qd1 Qg5 29. Qe1 Rae8 30. f4 Qg4 31. Bd1 Qxg2+ 32. Kxg2 Bxe4+ 33. Bf3 Bxf3+ 34.
Kxf3 e5 35. Qg3 e4+ 36. Ke3 Re7 37. b3 b5 38. b4 a6 39. a4 Kc6 40. axb5+ axb5
41. Ra5 Rfe8 42. Rha1 Rb8 43. Ra6+ Rb6 44. Rxb6+ Kxb6 45. f5 {Black resigns} 1-0

[Event "Team 45 45 League T72"]
[Site "Internet Chess Club"]
[Date "2017.04.16"]
[Round "5"]
[White "alexping"]
[Black "room-matt"]
[Result "1-0"]
[WhiteElo "1930"]
[BlackElo "1849"]
[Opening "Torre attack (Tartakower variation)"]
[ECO "D03"]
[Time "12:21:28"]
[TimeControl "2700+45"]

1. d4 d5 2. Nf3 Nf6 3. Bg5 Ne4 4. Bh4 c5 5. e3 Qb6 6. Qc1 cxd4 7. exd4 g5 8.
Bxg5 Nxg5 9. Nxg5 Bh6 10. c3 Bxg5 11. Qxg5 Qxb2 12. Qd2 Qxa1 13. Bd3 Rg8 14. g3
Bh3 15. f3 h5 16. Kf2 Nd7 17. Rc1 Rc8 18. Na3 Qxc1 19. Qxc1 Nf6 20. Qb2 b6 21.
Nb5 a5 22. Na7 Rb8 23. Nc6 Rb7 24. Nxa5 Rc7 25. Qxb6 Rxc3 26. Qb8+ Rc8 27. Bb5+
Kf8 28. Qe5 Rc2+ 29. Be2 Rxa2 30. Nc6 Be6 31. Nb4 Rb2 32. Nd3 Rb6 33. Nf4 Rh8
34. Qc7 Rd6 35. Bb5 h4 36. g4 Rg8 37. h3 Bd7 38. Bxd7 Rxd7 39. Qe5 Ke8 40. Ng2
Rb7 41. Nxh4 Rb2+ 42. Ke3 Rb1 43. Kf4 Rb7 44. Nf5 Rd7 45. h4 Rg6 46. h5 Rg8 47.
Qb8+ Rd8 48. Qc7 Rd7 49. Qc8+ Rd8 50. Qc7 Rd7 51. Qc6 e6 52. Qc8+ Rd8 53. Qc6+
Rd7 54. Ng3 Ke7 55. Qc5+ Rd6 56. Qa7+ Nd7 57. g5 Rb8 58. Qa3 Rb1 59. h6 Rb8 60.
Nh5 Rh8 61. Nf6 Nxf6 62. gxf6+ Kd7 63. Ke5 Rc6 64. Qe7+ Kc8 65. Qxf7 Kb8 66. Qg7
Rcc8 67. f7 Rcf8 68. Kxe6 Kc7 69. Kxd5 Kd7 70. Ke5 Ke7 71. Qf6+ Kd7 72. Qe6+ Kc7
73. d5 Rd8 74. d6+ Kb7 75. Qe7+ Kb6 76. Qc7+ Ka6 77. d7 Rhf8 78. h7 Kb5 79. Kd6
Rh8 80. Qxd8 Rxd8 81. Ke7 {Black resigns} 1-0

[Event "Team 45 45 League T72"]
[Site "Internet Chess Club"]
[Date "2017.04.15"]
[Round "5"]
[White "fishhead"]
[Black "LinceHispano44"]
[Result "0-1"]
[WhiteElo "1687"]
[BlackElo "1762"]
[Opening "French: Rubinstein variation"]
[ECO "C10"]
[Time "11:00:39"]
[TimeControl "2700+45"]

1. e4 e6 2. d4 d5 3. Nc3 dxe4 4. Nxe4 Nd7 5. Nf3 Be7 6. Bd3 Ngf6 7. Ng3 c5 8.
O-O O-O 9. c4 cxd4 10. Nxd4 Nc5 11. Bc2 Qb6 12. Qe2 Rd8 13. Be3 Bd7 14. a3 a5
15. b4 axb4 16. axb4 Rxa1 17. Rxa1 Qxb4 18. Rb1 Qa5 19. Rxb7 Nxb7 {White
resigns} 0-1

[Event "Team 45 45 League T72"]
[Site "Internet Chess Club"]
[Date "2017.04.16"]
[Round "5"]
[White "bobhill"]
[Black "Goli"]
[Result "0-1"]
[WhiteElo "1881"]
[BlackElo "1768"]
[Opening "King's Indian: Torre attack"]
[ECO "A48"]
[Time "17:25:23"]
[TimeControl "2700+45"]

1. d4 Nf6 2. Nf3 g6 3. Bg5 Bg7 4. Nbd2 O-O 5. e4 d6 6. c3 c5 7. Bd3 cxd4 8. cxd4
Nc6 9. a3 Nh5 10. Be3 a6 11. O-O Bd7 12. Rc1 Rc8 13. b4 b5 14. h3 e5 15. d5 Ne7
16. Nb3 Nf4 17. Na5 Rxc1 18. Bxc1 Nxd3 19. Qxd3 f5 20. Bg5 Bf6 21. Bh6 fxe4 22.
Qxe4 Bf5 23. Qe2 Rf7 24. g4 Bd7 25. Ng5 Bxg5 26. Bxg5 Qf8 27. Bxe7 Qxe7 28. Rc1
Qh4 29. Kg2 e4 30. Rc3 Rf4 31. Rg3 Qg5 32. Nc6 e3 33. f3 Rc4 34. Qd3 Bxc6 35.
dxc6 Rxc6 36. h4 Qe5 37. f4 Qb2+ 38. Kh3 e2 39. Qd5+ Kf8 40. Qe6 d5 41. Qxc6
e1=Q 42. Qc5+ Qe7 43. Qxd5 Qbf6 44. Qa8+ Kg7 45. g5 Qf5+ 46. Kh2 Qxf4 47. Kh3
Qe6+ 48. Kh2 Qxh4+ 49. Kg2 Qe2+ {White resigns} 0-1

[Event "Team 45 45 League T72"]
[Site "Internet Chess Club"]
[Date "2017.04.13"]
[Round "5"]
[White "zap2"]
[Black "Beetlejuice"]
[Result "1-0"]
[WhiteElo "1786"]
[BlackElo "1728"]
[Opening "Réti v Dutch"]
[ECO "A04"]
[Time "05:08:56"]
[TimeControl "2700+45"]

1. Nf3 f5 2. b3 d6 3. Bb2 e5 4. e3 Nf6 5. c4 g6 6. Nc3 Bg7 7. Be2 c6 8. Qc2 h6
9. Nh4 Kf7 10. g4 Nxg4 11. Nxg6 Kxg6 12. Bxg4 e4 13. Be2 Rf8 14. O-O-O Na6 15.
Rhg1+ Kh7 16. Rxg7+ Kxg7 17. Nxe4+ Kh7 18. Qc3 Qe7 19. Rg1 Rg8 20. Rxg8 Kxg8 21.
Qh8+ Kf7 22. Bh5+ Ke6 23. Qxh6+ Kd7 24. Nf6+ Kc7 25. Ne8+ Kb6 26. Nxd6 Be6 27.
Ba3 c5 28. Nxf5 Qd7 29. Ng7 Nc7 30. Bg4 Rg8 31. Nxe6 Rxg4 32. Nxc5+ Qc6 33. Nd7+
Ka6 34. Nb8+ {Black resigns} 1-0